 Dungeon Crawl Stone Soup version 0.30.0-18-gf1372a6a44 (webtiles) character file.

Game seed: 6446506478472307742

597 qw the Chopper (level 7, -2/44 HPs)
             Began as a Gargoyle Fighter on May 23, 2023.
             Slain by a gnoll
             ... wielding a +0 flail
             ... led by a gnoll bouda
              (3 damage)
             ... on level 5 of the Dungeon.
             The game lasted 00:02:00 (4310 turns).

qw the Chopper (Gargoyle Fighter)                   Turns: 4310, Time: 00:02:01

Health: -2/44      AC: 23    Str: 21    XL:     7   Next: 40%
Magic:  7/7        EV:  4    Int:  9    God:
Gold:   240        SH:  0    Dex:  9    Spells: 6/6 levels left

rFire   . . .        Y - +0 war axe (protect)
rCold   . . .        c - +0 buckler
rNeg    + . .        a - +0 chain mail
rPois   inf          (no helmet)
rElec   +            b - +1 cloak
rCorr   .            (no gloves)
SInv    .            (no boots)
Will    .....        (no amulet) Stlth
                     (no ring)
HPRegen 0.27/turn    (no ring)
MPRegen 0.10/turn

%: no passive effects
@: under a protective aura, held
A: sickness immunity, AC +4, negative energy resistance 1, electricity
resistance, torment resistance 1, petrification resistance
a: no special abilities


You were on level 5 of the Dungeon.
You visited 1 branch of the dungeon, and saw 5 of its levels.

You collected 240 gold pieces.


Innate Abilities, Weirdness & Mutations

You are immune to sickness and miasma.
Your stone body is resilient. (AC +4)
You are immune to poison.
You resist negative energy. (rN+)
You are resistant to electric shocks. (rElec)
You are resistant to unholy torment.
You are immune to petrification.


   Skills:
 - Level 5.0 Fighting
 + Level 6.2 Axes
 - Level 3.2 Armour
 - Level 1.5 Dodging
 - Level 3.2 Shields


You had 6 spell levels left.
You didn't know any spells.
Your spell library was empty.

Inventory:

Hand Weapons
 i - a +0 morningstar
 Y - a +0 war axe of protection (weapon)
Armour
 a - a +0 chain mail (worn)
 b - a +1 cloak (worn)
 c - a +0 buckler (worn)
 g - the +0 scale mail of Sophism {rN+}
   (You found it on level 5 of the Dungeon)

   rN:        It protects you from negative energy.
Scrolls
 e - a scroll of identify
Potions
 d - 4 potions of might
 f - a potion of curing
 h - 2 potions of attraction {unknown}
 j - a potion of resistance {unknown}
 k - a potion of heal wounds {unknown}
 l - a potion of haste {unknown}
 m - a potion of degeneration {unknown}
 n - a potion of lignification {unknown}

Dungeon Overview and Level Annotations

Branches:
Dungeon (5/15)
 Temple: D:4-7

Altars:
Elyvilon
Xom

Annotations:
D:4 1 runed translucent door, Crazy Yiuf


Message History

The ufetubus hits you but does no damage.
The ufetubus closely misses you. The gnoll hits you but does no damage.
The gnoll bouda hits you but does no damage.
The gnoll barely misses you.
The ufetubus hits you but does no damage.
The ufetubus completely misses you. You block the gnoll's attack.
The gnoll hits you with a +0 flail. The gnoll barely misses you.
The gnoll hits you but does no damage.
You closely miss the gnoll.
The gnoll is severely wounded.
You barely miss the gnoll. You hit the gnoll but do no damage.
You barely miss the gnoll bouda. You miss the ufetubus.
Your attacks no longer feel as feeble.
The ufetubus barely misses you. The ufetubus closely misses you.
The gnoll bouda hits you but does no damage.
The gnoll hits you from afar with a +0 spear.
The gnoll hits you but does no damage.
The ufetubus hits you but does no damage.
The ufetubus barely misses you. The gnoll closely misses you.
The gnoll hits you but does no damage. x2
The gnoll bouda hits you with a +0 club.
You completely miss the gnoll.
The gnoll is severely wounded.
You slash the ufetubus!
You kill the ufetubus!
You slash the gnoll! You barely miss the gnoll. You hit the gnoll bouda.
The gnoll is no longer moving quickly.
The gnoll throws a throwing net.
The throwing net hits you.
You become entangled in the net!
The gnoll hits you with a +0 flail.
The gnoll hits you but does no damage. x3
The gnoll bouda hits you with a +0 club.
The gnoll hits you with a +0 flail.
The gnoll hits you from afar with a +0 spear.
The gnoll hits you but does no damage. The gnoll hits you with a +0 flail.
The gnoll hits you but does no damage.
The gnoll bouda calls upon its god to heal the gnoll.
The gnoll's wounds heal themselves!
The orc hits you but does no damage. The gnoll hits you with a +0 flail!
The gnoll hits you from afar with a +0 spear.
The gnoll hits you with a +0 flail.
You die...

.. #.#
#.#####.###
#.........#
#.........#
#.....<...#
#.........#
#.........#
#.........#####
#........g@g..#
#........ggo...#
..##......gg...#
#...........#
##..........#
#..........#
#..........#
##........##


You could see a gnoll bouda, 5 gnolls and an orc.

Vanquished Creatures
  Menkaure (D:4)
  Duvessa (D:4)
  A phantom (D:5)
  A scorpion (D:5)
  Dowan (D:4)
  A sleepcap (D:5)
  Ijyb (D:4)
  4 adders
  An ufetubus (D:5)
  6 worms
  5 dart slugs
  5 orcs
  9 endoplasms
  5 giant cockroaches
  10 goblins
  5 hobgoblins
  7 kobolds
  3 quokkas
  5 ball pythons
  7 bats
  2 frilled lizards (D:3)
  7 rats
88 creatures vanquished.

Notes
Turn   | Place    | Note
-------+----------+-------------------------------------------
     0 | D:1      | qw the Gargoyle Fighter began the quest for the Orb.
     0 | D:1      | Reached XP level 1. HP: 14/14 MP: 1/1
     0 | D:1      | 0 ||| qw: Version: 0.2-a-98-g5d7165a
     0 | D:1      | 0 ||| qw: Game counter: 11
     0 | D:1      | 0 ||| qw: Always use a shield: true
     0 | D:1      | 0 ||| qw: God list: Okawaru
     0 | D:1      | 0 ||| qw: Allow faded altars: false
     0 | D:1      | 0 ||| qw: Do Orc after D:15 true
     0 | D:1      | 0 ||| qw: Do second Lair branch before Depths: true
     0 | D:1      | 0 ||| qw: Lair rune preference: random
     0 | D:1      | 0 ||| qw: Plans: Normal, Zot:1-4, God:TSO, Crypt, Tomb,
                  | Pan, Slime:5, Hells, Abyss, Win
     0 | D:1      | 0 ||| PLANNING D:1-11
    64 | D:1      | Reached skill level 2 in Axes
   132 | D:1      | 132 ||| Stepping ~*~*~tactically~*~*~ (hiding).
   335 | D:1      | Reached XP level 2. HP: 19/19 MP: 2/2
   473 | D:1      | 473 ||| Stepping ~*~*~tactically~*~*~ (stealth).
   474 | D:1      | 474 ||| Stepping ~*~*~tactically~*~*~ (stealth).
   475 | D:1      | 475 ||| Stepping ~*~*~tactically~*~*~ (stealth).
   584 | D:1      | Reached skill level 3 in Axes
   593 | D:1      | Reached XP level 3. HP: 23/23 MP: 3/3
   907 | D:1      | 907 ||| READING 4 scrolls labelled HAQEFA BIPLUE.
   908 | D:1      | 908 ||| READING scroll labelled MUSARI EFUPRIU.
   909 | D:1      | 909 ||| READING scroll labelled EBBOIHU OWNEL.
   910 | D:1      | 910 ||| READING scroll labelled ZAADOO ARRE.
   911 | D:1      | 911 ||| READING 3 scrolls labelled TITERA SONOPE.
   912 | D:1      | 912 ||| DRINKING 2 metallic black potions.
   913 | D:1      | 913 ||| DROPPING 3 scrolls of noise.
   914 | D:1      | 914 ||| DROPPING potion of flight.
   915 | D:1      | 915 ||| DROPPING 2 scrolls of fog.
   956 | D:2      | 956 ||| Stepping ~*~*~tactically~*~*~ (stealth).
  1020 | D:2      | 1020 ||| Stepping ~*~*~tactically~*~*~ (hiding).
  1148 | D:2      | 1148 ||| Stepping ~*~*~tactically~*~*~ (hiding).
  1339 | D:2      | Reached XP level 4. HP: 28/28 MP: 4/4
  1437 | D:2      | Reached skill level 4 in Axes
  1844 | D:2      | 1844 ||| READING scroll labelled GIETHR OKE FIGHAN.
  1845 | D:2      | 1845 ||| READING scroll labelled WEYSSU TUSCH.
  1846 | D:2      | 1846 ||| READING scroll labelled ACOFUU LAPT.
  1866 | D:2      | 1866 ||| READING scroll labelled RAHYNUNTUS.
  1867 | D:2      | 1867 ||| DRINKING 2 bubbling golden potions.
  1868 | D:2      | 1868 ||| DRINKING 2 sapphire potions.
  1869 | D:2      | 1869 ||| DROPPING potion of invisibility.
  2003 | D:3      | 2003 ||| Stepping ~*~*~tactically~*~*~ (hiding).
  2029 | D:3      | 2029 ||| DROPPING +0 whip.
  2074 | D:3      | 2074 ||| Stepping ~*~*~tactically~*~*~ (hiding).
  2239 | D:3      | 2239 ||| Stepping ~*~*~tactically~*~*~ (stealth).
  2242 | D:3      | 2242 ||| Stepping ~*~*~tactically~*~*~ (stealth).
  2269 | D:3      | 2269 ||| Stepping ~*~*~tactically~*~*~ (stealth).
  2272 | D:3      | 2272 ||| Stepping ~*~*~tactically~*~*~ (stealth).
  2273 | D:3      | 2273 ||| Stepping ~*~*~tactically~*~*~ (stealth).
  2280 | D:3      | Reached XP level 5. HP: 32/32 MP: 5/5
  2285 | D:3      | 2285 ||| Stepping ~*~*~tactically~*~*~ (stealth).
  2286 | D:3      | 2286 ||| Stepping ~*~*~tactically~*~*~ (stealth).
  2288 | D:3      | 2288 ||| Stepping ~*~*~tactically~*~*~ (stealth).
  2290 | D:3      | 2290 ||| Stepping ~*~*~tactically~*~*~ (hiding).
  2292 | D:3      | 2292 ||| Stepping ~*~*~tactically~*~*~ (hiding).
  2293 | D:3      | 2293 ||| Stepping ~*~*~tactically~*~*~ (hiding).
  2403 | D:3      | 2403 ||| DROPPING +0 flail.
  2725 | D:3      | 2725 ||| UPGRADING to +0 chain mail.
  2735 | D:3      | 2735 ||| DROPPING +0 scale mail.
  2768 | D:3      | 2768 ||| READING scroll labelled UJOSTRY SIQYO.
  2769 | D:3      | 2769 ||| READING scroll labelled ZUMOIMNOELUQ.
  2795 | D:3      | 2795 ||| READING scroll labelled LELANI ACRYAC.
  2896 | D:3      | 2896 ||| DRINKING 2 blue potions.
  2897 | D:3      | 2897 ||| DROPPING potion of magic.
  2957 | D:4      | Noticed Ijyb
  2958 | D:4      | 2958 ||| Stepping ~*~*~tactically~*~*~ (hiding).
  2970 | D:4      | Killed Ijyb
  3072 | D:4      | Reached skill level 5 in Axes
  3257 | D:4      | Found a white marble altar of Elyvilon.
  3257 | D:4      | Noticed Menkaure
  3258 | D:4      | 3258 ||| Stepping ~*~*~tactically~*~*~ (hiding).
  3260 | D:4      | 3260 ||| Stepping ~*~*~tactically~*~*~ (hiding).
  3266 | D:4      | HP: 5/32 [Menkaure (11)]
  3267 | D:4      | 3267 ||| READING scroll of teleportation.
  3271 | D:4      | Killed Menkaure
  3272 | D:4      | Reached XP level 6. HP: 8/40 MP: 6/6
  3464 | D:4      | Found a runed translucent door.
  3465 | D:4      | Noticed Crazy Yiuf
  3579 | D:4      | 3579 ||| Stepping ~*~*~tactically~*~*~ (stealth).
  3583 | D:4      | 3583 ||| Stepping ~*~*~tactically~*~*~ (hiding).
  3585 | D:4      | Noticed Duvessa
  3588 | D:4      | Noticed Dowan
  3600 | D:4      | Killed Duvessa
  3602 | D:4      | Killed Dowan
  3603 | D:4      | Reached XP level 7. HP: 22/44 MP: 7/7
  4027 | D:4      | 4027 ||| UPGRADING to +0 cloak.
  4032 | D:4      | 4032 ||| READING scroll of enchant armour.
  4032 | D:4      | 4032 ||| ENCHANTING +0 cloak.
  4033 | D:4      | 4033 ||| DROPPING +6 ring of intelligence.
  4034 | D:4      | 4034 ||| READING 2 scrolls of identify.
  4034 | D:4      | 4034 ||| IDENTIFYING yellow potion
  4035 | D:4      | 4035 ||| DROPPING potion of ambrosia.
  4096 | D:5      | Entered Level 5 of the Dungeon
  4122 | D:5      | Reached skill level 6 in Axes
  4168 | D:5      | Found a shimmering altar of Xom.
  4259 | D:5      | Reached skill level 1 in Dodging
  4277 | D:5      | Identified the +0 scale mail of Sophism {rN+}
  4309 | D:5      | HP: 10/44 [gnoll/+0 flail[a gnoll bouda] (4)]
  4309 | D:5      | HP: 3/44 [gnoll/+0 flail[a gnoll bouda] (7)]
  4309 | D:5      | HP: 1/44 [gnoll/+0 spear[a gnoll bouda] (2)]
  4310 | D:5      | Slain by a gnoll

Levels and vault maps discovered:
D:1:      dpeg_arrival_boxes_within_box, layout_basic, minmay_split_cup_large
D:2:      layout_basic, serial_bayou_lagoon_a, kennysheep_generic_room_5
D:3:      layout_basic, kennysheep_path_1, minmay_diced_spiral
D:4:      layout_cave_pods, nicolae_elyvilon_peaceful_grove, uniq_menkaure,
          uniq_ijyb, uniq_duvessa, uniq_crazy_yiuf_cottage
D:5:      layout_rooms, lemuel_tele_altar, gammafunk_ghost_cemetery,
          nicolae_figureground_sparkle, uniq_grinder

Skill      XL: |  1  2  3  4  5  6  7 |
---------------+----------------------+-----
Axes           | 2 3 4 5 6 |  6.2
Fighting       | 5 |  5.0
Dodging        | 1 |  1.5
Armour         | |  3.2
Shields        | |  3.2

Action                     |  1- 3 |  4- 6 |  7- 9 || total
---------------------------+-------+-------+-------++-------
  Melee: War axe           |    92 |   162 |    38 ||   292
  Throw: Boomerang         |       |     9 |       ||     9
    Use: Scroll            |     5 |     8 |     2 ||    15
         Potion            |     1 |     3 |       ||     4
 Armour: Scale mail        |    50 |    54 |       ||   104
         Chain mail        |       |    32 |    52 ||    84
  Dodge: Dodged            |    46 |    55 |    33 ||   134
  Block: Buckler           |    13 |    27 |    15 ||    55

Table legend:
 A = Non-vault XP
 B = Vault XP
 C = Vault XP percentage of total XP
 D = Non-vault monster count
 E = Vault monster count
 F = Vault count percentage of total count
                 A         B        C        D         E       F
            +---------+---------+-------+---------+---------+-------
      Total |     411 |     443 |  51.9 |      73 |      15 |  17.0
            +---------+---------+-------+---------+---------+-------
        D:1 |      33 |       7 |  17.5 |      18 |       4 |  18.2
        D:2 |      83 |       2 |   2.4 |      22 |       1 |   4.3
        D:3 |      32 |      30 |  48.4 |      14 |       6 |  30.0
        D:4 |      35 |     404 |  92.0 |      14 |       4 |  22.2
        D:5 |     228 |       0 |   0.0 |       5 |       0 |   0.0
            +---------+---------+-------+---------+---------+-------
